 Dungeon Crawl Stone Soup version 0.23.1 (webtiles) character file.

Game seed: 11373174693197564333

72 suspiciousseal the Skirmisher (level 4, -1/42 HPs)
             Began as a Naga Fighter on Mar 13, 2019.
             Slain by an ice beast (11 damage)
             ... on level 3 of the Dungeon.
             The game lasted 00:03:58 (2200 turns).

suspiciousseal the Skirmisher (Naga Fighter)        Turns: 2200, Time: 00:03:59

Health: -1/42      AC:  5    Str: 18    XL:     4   Next: 26%
Magic:  4/4        EV:  5    Int:  9    God:
Gold:   199        SH:  8    Dex: 11    Spells: 3/3 levels left

rFire    . . .     SeeInvis +   a - +0 trident
rCold    . . .     Gourm    .   c - +0 shield
rNeg     . . .     Faith    .   b - +0 scale mail
rPois    +         Spirit   .   (no helmet)
rElec    .         Reflect  .   (no cloak)
rCorr    .         Harm     .   (no gloves)
MR       .....                  (no barding)
Stlth    ..........             (no amulet)
HPRegen  0.14/turn              (no ring)
MPRegen  0.09/turn              (no ring)

@: very slow
A: large, see invisible, deformed body, poison resistance, slowness 2, slow
metabolism 1, spit poison 1, AC +1
a: Spit Poison


You were on level 3 of the Dungeon.
You were not hungry.

You visited 1 branch of the dungeon, and saw 3 of its levels.

You collected 199 gold pieces.

Inventory:

Hand Weapons
 a - a +0 trident (weapon)
 m - a +1 hand axe of electrocution
 o - a cursed -1 hunting sling
Armour
 b - a +0 scale mail (worn)
 c - a +0 shield (worn)
Scrolls
 h - 7 scrolls of remove curse {unknown}
 i - a scroll of teleportation {unknown}
 j - a scroll of identify {unknown}
Potions
 d - a potion of might
 e - 5 potions of heal wounds {unknown}
 g - a potion of cancellation {unknown}
 k - a potion of berserk rage {unknown}
 l - a potion of degeneration {unknown}
Comestibles
 f - 7 rations


   Skills:
 + Level 3.3 Fighting
 + Level 2.7 Polearms
 + Level 3.1 Armour
 + Level 0.3 Dodging
 + Level 0.1 Stealth
 + Level 2.8 Shields


You had 3 spell levels left.
You didn't know any spells.
Your spell library contained the following spells:

 Spells                   Type           Power        Failure   Level  Hunger
 Animate Skeleton         Necr           N/A          99%         1    ##.....
 Apportation              Tloc           #.....       99%         1    ##.....
 Confusing Touch          Hex            #.....       99%         1    ##.....
 Corona                   Hex            #......      99%         1    ##.....
 Summon Small Mammal      Summ           #...         99%         1    ##.....
 Ensorcelled Hibernation  Hex/Ice        #.....       100%        2    ###....
 Confuse                  Hex            #.......     100%        3    ####...
 Dazzling Spray           Conj/Hex       #.....       100%        3    ####...
 Tukima's Dance           Hex            #.......     100%        3    ####...


Dungeon Overview and Level Annotations

Branches:
Dungeon (3/15)

Altars:


Innate Abilities, Weirdness & Mutations

You cannot wear boots.
Your serpentine skin is tough. (AC +1)
You have supernaturally acute eyesight. (SInv)
Armour fits poorly on your strangely shaped body.
Your system is resistant to poisons. (rPois)
You cover ground very slowly.
You have a slow metabolism.
You can spit poison.


Message History

Found 11 gold pieces.
You now have 199 gold pieces (gained 11).
Items here: ))))) [[
There is an open door here.
You open the door.
There is an open door here.
An ice beast comes into view.
The ice beast hits you. The ice beast freezes you!
Found 13 gold pieces.
The ice beast hits you. The ice beast freezes you!
* * * LOW HITPOINT WARNING * * *
You hit the ice beast but do no damage.
The ice beast hits you but does no damage.
The ice beast completely misses you.
You hit the ice beast but do no damage. The ice beast barely misses you.
You closely miss the ice beast. You block the ice beast's attack.
You completely miss the ice beast. The ice beast hits you.
* * * LOW HITPOINT WARNING * * *
The ice beast freezes you!
You die...

.. #.# ###..# #.# #....#
##'## # #.##.# ##...##
#. #.##.# ##.....##
#.##.#..# ##.......#
##.#.......####.........
..............'.........
###@...####.........
#Y#.## ##.......# #$###
##.....## #... ##...##
###. ##'## #. ### #.# #.
##.## #)#
#.##.#.####.####
#.#.###.##...#.#


You could see an ice beast.

Vanquished Creatures
  An orc wizard (D:3)
  A dart slug (D:1)
  A leopard gecko (D:2)
  4 orcs (D:3)
  2 giant cockroaches
  3 goblins
  4 hobgoblins
  4 jackals (D:1)
  4 kobolds
  A quokka (D:2)
  2 bats (D:1)
  2 frilled lizards (D:1)
  4 rats (D:1)
  A plant (D:1)
34 creatures vanquished.

Notes
Turn   | Place    | Note
-------+----------+-------------------------------------------
     0 | D:1      | suspiciousseal the Naga Fighter began the quest for the
                  | Orb.
     0 | D:1      | Reached XP level 1. HP: 21/21 MP: 1/1
   179 | D:1      | Reached XP level 2. HP: 20/28 MP: 2/2
   805 | D:1      | Reached XP level 3. HP: 15/34 MP: 3/3
  1889 | D:3      | Reached XP level 4. HP: 21/42 MP: 4/4
  2195 | D:3      | Noticed an ice beast
  2200 | D:3      | Slain by an ice beast

Skill      XL: |  1  2  3 |
---------------+----------+-----
Armour         | 3 |  3.1
Fighting       | |  3.3
Polearms       | |  2.7
Dodging        | |  0.3
Stealth        | |  0.1
Shields        | |  2.8

Action                   |  1- 3 |  4- 6 || total
-------------------------+-------+-------++-------
Melee: Trident           |   132 |    20 ||   152
  Eat: Chunk             |     1 |     2 ||     3
Armor: Scale mail        |    56 |     5 ||    61
Dodge: Dodged            |    23 |     4 ||    27
Block: Shield            |    45 |     5 ||    50
